 Dungeon Crawl Stone Soup version 0.21.1-1-g345015f (webtiles) character file.

303 diana the Ruffian (level 6, -2/59 HPs)
             Began as a Troll Monk on July 2, 2018.
             Splashed by Ijyb's acid (16 damage)
             ... on level 3 of the Dungeon.
             The game lasted 00:02:42 (1280 turns).

diana the Ruffian (Troll Monk)                      Turns: 1280, Time: 00:02:42

Health: -2/59      AC:  5    Str: 27    XL:     6   Next: 15%
Magic:  5/5        EV: 10    Int:  6    God:
Gold:   74         SH:  0    Dex: 12    Spells: 5/5 levels left

rFire    . . .     SeeInvis .     - Unarmed
rCold    . . .     Gourm    +   (no shield)
rNeg     . . .     Faith    .   a - +0 robe
rPois    .         Spirit   .   (helmet restricted)
rElec    .         Reflect  .   (no cloak)
rCorr    .         Harm     .   (gloves unavailable)
MR       .....                  (boots unavailable)
Stlth    ++........             (no amulet)
HPRegen  0.59/turn              (no ring)
MPRegen  0.09/turn              (no ring)

@: mighty
A: large, unfitting armour, claws 3, fast metabolism 3, gourmand, regeneration
1, shaggy fur 1, tough skin 2
a: no special abilities


You were on level 3 of the Dungeon.
You were full.

You visited 1 branch of the dungeon, and saw 3 of its levels.

You collected 74 gold pieces.

Inventory:

Armour
 a - a +0 robe (worn)
Scrolls
 c - 2 scrolls of remove curse {unknown}
 d - 5 scrolls of identify {unknown}
 h - a scroll of fog {unknown}
 j - a scroll of enchant weapon {unknown}
 k - a scroll of random uselessness {unknown}
 l - a scroll of blinking {unknown}
Potions
 f - 2 potions of curing
 g - a potion of ambrosia {unknown}
 i - 2 potions of brilliance {unknown}
Comestibles
 b - 6 rations


   Skills:
 - Level 2.4 Fighting
 - Level 2.4 Dodging
 - Level 1.0 Stealth
 + Level 7.0 Unarmed Combat


You had 5 spell levels left.
You didn't know any spells.

Dungeon Overview and Level Annotations

Branches:
Dungeon (3/15)

Altars:

Annotations:
D:3 Ijyb; lotte's ghost, amateur DECj


Innate Abilities, Weirdness & Mutations

You are too large for most types of armour.
You have claws for hands.
Your metabolism is lightning-fast.
You like to eat raw meat.
Your natural rate of healing is unusually fast.
You are covered in fur. (AC +1)
You have very tough skin. (AC +2)


Message History

You are too injured to fight recklessly!
You are too injured to fight recklessly!
You are too injured to fight recklessly!
You are too injured to fight recklessly!
Unknown command.
You claw the orc priest!
You kill the orc priest!
Your Unarmed Combat skill increases to level 7!
The orc hits you with a mace. Something hits you.
Unknown command.
Something hits you. The orc hits you with a short sword.
It was a potion of curing.
You feel better.
It was a potion of might.
You feel very mighty all of a sudden. Something hits you but does no damage.
Something hits you but does no damage.
Ijyb zaps a wand.
The bolt of acid misses the orc.
The bolt of acid hits you!
* * * LOW HITPOINT WARNING * * *
You are splashed with acid!
The acid burns!
You die...

#.##.###...#
#..#..##...##
#.##.##.##....####
.................#######
####..................oo
####.##.......)..##
#<#####!...#...# #..#
####[..##.#
##>.##....@.o#W##
#.##.###K#og.># ...
#..#l....# ..#
##......... .##
#...$..... #.........
#........% #.........
#.........


You could see Ijyb, 2 orcs, a kobold and a frilled lizard.

Vanquished Creatures
  Sigmund (D:2)
  An orc priest (D:3)
  Natasha (D:2)
  3 gnolls (D:2)
  An ooze (D:1)
  A worm (D:2)
  A dart slug (D:1)
  2 orcs (D:3)
  6 bats
  4 giant cockroaches
  7 goblins
  4 hobgoblins
  6 jackals
  A quokka (D:2)
  A ball python (D:1)
  2 frilled lizards
  3 kobolds
  5 rats
50 creatures vanquished.

Notes
Turn   | Place    | Note
-------+----------+-------------------------------------------
     0 | D:1      | diana the Troll Monk began the quest for the Orb.
     0 | D:1      | Reached XP level 1. HP: 22/22 MP: 0/0
    41 | D:1      | Reached XP level 2. HP: 29/29 MP: 1/1
   321 | D:1      | Reached skill level 4 in Unarmed Combat
   468 | D:1      | Reached XP level 3. HP: 36/36 MP: 2/2
   689 | D:2      | Noticed Sigmund
   694 | D:2      | Killed Sigmund
   694 | D:2      | Reached skill level 6 in Unarmed Combat
   694 | D:2      | Reached XP level 4. HP: 35/44 MP: 3/3
   694 | D:2      | Reached XP level 5. HP: 40/50 MP: 4/4
   892 | D:2      | Noticed Natasha
   897 | D:2      | Killed Natasha
   920 | D:2      | Reached XP level 6. HP: 59/59 MP: 5/5
  1269 | D:3      | Noticed Ijyb
  1269 | D:3      | Noticed lotte's ghost (amateur DECj)
  1275 | D:3      | Reached skill level 7 in Unarmed Combat
  1280 | D:3      | Splashed by Ijyb's acid

Skill      XL: |  1  2  3  4  5  6 |
---------------+-------------------+-----
Unarmed Combat | 4 6 7 |  7.0
Fighting       | |  2.4
Dodging        | |  2.4
Stealth        | |  1.0

Action                   |  1- 3 |  4- 6 || total
-------------------------+-------+-------++-------
Melee: Unarmed           |    64 |    40 ||   104
       Punch             |     1 |     2 ||     3
  Use: Potion            |       |     2 ||     2
 Stab: Distracted        |       |     1 ||     1
       Sleeping          |       |     1 ||     1
  Eat: Chunk             |     7 |     6 ||    13
Armor: Robe              |    26 |    17 ||    43
Dodge: Dodged            |    25 |     8 ||    33
